[Event "Croatian junior league 2021"]
[Site "Rabac"]
[Date "2021.04.08"]
[Round "6.20"]
[White "Kostic, Lovro"]
[Black "Muha, Magdalena"]
[Result "0-1"]
[ECO "A11"]
[WhiteElo "1367"]
[BlackElo "1806"]
[Annotator "NA"]
[PlyCount "88"]
[EventDate "2021.04.06"]
[EventType "swiss"]
[EventCountry "CRO"]
[SourceTitle "playchess.com"]
[Source "ChessBase"]
[SourceQuality "1"]
[TimeControl "5400+30"]

1. d4 d5 2. c4 c6 3. Nc3 Nf6 4. e3 g6 5. Nf3 Bg7 6. b3 O-O 7. Bb2 Re8 8. Be2 Nbd7 9. cxd5 cxd5 10. O-O Nf8 11. Rc1 a6 12. Re1 Ne4 13. Nxe4 dxe4 14. Ne5 Be6 15. Qc2 f6 16. Nc4 Bd5 17. Nd2 Rc8 18. Bc4 Kh8 19. Qb1 f5 20. Bxd5 Qxd5 21. Rxc8 Rxc8 22. Nc4 Nd7 23. Rc1 Rd8 24. g3 g5 25. Re1 b5 26. Nd2 e5 27. g4 exd4 28. exd4 Bxd4 29. gxf5 Kg8 30. Bxd4 Qxd4 31. Nxe4 Ne5 32. Re3 g4 33. Kg2 Qd5 34. Kg3 Rf8 35. Nc3 Qd6 36. Ne4 Qh6 37. Kg2 Nf3 38. Kf1 Qxh2 39. Ke2 Nd4+ 40. Kd3 Nxf5 41. Re2 Rd8+ 42. Kc3 Qe5+ 43. Kb4 Rd4+ 44. Ka3 b4+ 0-1

[Event "Croatian junior league 2021"]
[Site "Rabac"]
[Date "2021.04.08"]
[Round "6.21"]
[White "Karlusic, Luka"]
[Black "Kovac, Petar"]
[Result "1/2-1/2"]
[ECO "D36"]
[WhiteElo "2047"]
[BlackElo "2089"]
[Annotator "NA"]
[PlyCount "55"]
[EventDate "2021.04.06"]
[EventType "swiss"]
[EventCountry "CRO"]
[SourceTitle "playchess.com"]
[Source "ChessBase"]
[SourceQuality "1"]
[TimeControl "5400+30"]

1. d4 d5 2. c4 e6 3. Nc3 Nf6 4. cxd5 exd5 5. Bg5 c6 6. Qc2 Be7 7. e3 O-O 8. Bd3 Nbd7 9. Nge2 Re8 10. O-O Nf8 11. Rae1 g6 12. Bh4 Ne6 13. f3 a6 14. Qb3 b5 15. Kh1 Bb7 16. Bb1 Rc8 17. e4 dxe4 18. fxe4 Nxd4 19. Nxd4 Qxd4 20. Bxf6 Bxf6 21. e5 Rxe5 22. Rd1 Qh4 23. Rd7 Re7 24. Rxe7 Bxe7 25. Rxf7 Kh8 26. Qe6 Bd6 27. h3 Rf8 28. Rxf8+ 1/2-1/2

[Event "Croatian junior league 2021"]
[Site "Rabac"]
[Date "2021.04.08"]
[Round "6.22"]
[White "Stjepic, Borna"]
[Black "Mahecic, Lovre"]
[Result "0-1"]
[ECO "C25"]
[WhiteElo "1825"]
[BlackElo "1981"]
[Annotator "NA"]
[PlyCount "41"]
[EventDate "2021.04.06"]
[EventType "swiss"]
[EventCountry "CRO"]
[SourceTitle "playchess.com"]
[Source "ChessBase"]
[SourceQuality "1"]
[TimeControl "5400+30"]

1. e4 e5 2. Nc3 Nc6 3. g3 Bc5 4. Bg2 d6 5. Na4 Bb6 6. Nxb6 axb6 7. Ne2 f5 8. d4 fxe4 9. dxe5 Nxe5 10. Bxe4 Nf6 11. Bg2 O-O 12. h3 Kh8 13. O-O Bd7 14. Nf4 Qc8 15. Kh2 Bc6 16. b3 Bxg2 17. Kxg2 Ne4 18. Qh5 Qd7 19. Bb2 Qc6 20. Qd1 Nc3+ 21. Qd5 0-1

[Event "Croatian junior league 2021"]
[Site "Rabac"]
[Date "2021.04.08"]
[Round "6.23"]
[White "Mrvac, Petar"]
[Black "Vukojevic, Toni"]
[Result "1/2-1/2"]
[ECO "D00"]
[WhiteElo "1908"]
[BlackElo "1538"]
[Annotator "NA"]
[PlyCount "59"]
[EventDate "2021.04.06"]
[EventType "swiss"]
[EventCountry "CRO"]
[SourceTitle "playchess.com"]
[Source "ChessBase"]
[SourceQuality "1"]
[TimeControl "5400+30"]

1. d4 d5 2. Bf4 Bf5 3. e3 Nf6 4. c3 e6 5. Bd3 Bg6 6. Nf3 Nbd7 7. Bxg6 hxg6 8. Nbd2 Nh5 9. Ne5 Nxf4 10. exf4 Bd6 11. Ndf3 Bxe5 12. fxe5 c5 13. Qd2 Qc7 14. O-O O-O 15. Ng5 Rfe8 16. Qe3 cxd4 17. cxd4 Nf8 18. Rac1 Qe7 19. f4 Rac8 20. Rc3 Rc6 21. Rxc6 bxc6 22. Qc3 Rc8 23. Rc1 f6 24. Nf3 Nd7 25. Qa5 Nb6 26. b3 Qc7 27. Qc5 Kf7 28. Qc2 Nd7 29. Nh4 Nf8 30. g4 1/2-1/2

[Event "Croatian junior league 2021"]
[Site "Rabac"]
[Date "2021.04.09"]
[Round "7.5"]
[White "Jakrlin, Mihael"]
[Black "Cvitan, Ena"]
[Result "1/2-1/2"]
[ECO "A13"]
[WhiteElo "2106"]
[BlackElo "2263"]
[Annotator "RC"]
[PlyCount "40"]
[EventDate "2021.04.06"]
[EventType "swiss"]
[EventCountry "CRO"]
[SourceTitle "playchess.com"]
[Source "ChessBase"]
[SourceQuality "1"]
[TimeControl "5400+30"]

1. Nf3 d5 2. c4 e6 3. b3 d4 4. g3 c5 5. Bg2 Nf6 6. e3 Nc6 7. exd4 cxd4 8. d3 Bb4+ 9. Bd2 Bd6 10. O-O O-O 11. Bg5 h6 12. Bxf6 Qxf6 13. a3 a5 14. Nbd2 Qe7 15. Qc1 f5 16. Re1 Bd7 17. Qb2 Qf6 18. Rac1 Qe7 19. Ra1 Qf6 20. Rac1 Qe7 1/2-1/2

[Event "Croatian junior league 2021"]
[Site "Rabac"]
[Date "2021.04.09"]
[Round "7.14"]
[White "Mandaric, Fran"]
[Black "Klapac, Patrik"]
[Result "1/2-1/2"]
[ECO "C62"]
[WhiteElo "1684"]
[BlackElo "1780"]
[Annotator "NA RC"]
[PlyCount "74"]
[EventDate "2021.04.06"]
[EventType "swiss"]
[EventCountry "CRO"]
[SourceTitle "playchess.com"]
[Source "ChessBase"]
[SourceQuality "1"]
[TimeControl "5400+30"]

1. e4 e5 2. Nf3 Nc6 3. Bb5 d6 4. c3 Bd7 5. d3 h6 6. Nbd2 Nf6 7. O-O Be7 8. Re1 O-O 9. Nf1 Nh7 10. Bxc6 Bxc6 11. Ng3 Bd7 12. d4 exd4 13. Nxd4 Re8 14. Ndf5 Bf6 15. f4 Nf8 16. Qg4 Ng6 17. Bd2 Bh4 18. Nxh6+ gxh6 19. f5 Bxg3 20. Qxg3 Kg7 21. fxg6 fxg6 22. c4 Bc6 23. Bc3+ Kh7 24. e5 Qg5 25. Qxg5 hxg5 26. e6 g4 27. e7 Bd7 28. Bf6 Bf5 29. Re3 Kg8 30. Rae1 Kf7 31. Bg5 a6 32. a4 a5 33. Bh6 Rh8 34. Bf8 Re8 35. b3 Rh5 36. Rc3 b6 37. Rf1 Ke6 1/2-1/2

[Event "Croatian junior league 2021"]
[Site "Rabac"]
[Date "2021.04.09"]
[Round "7.15"]
[White "Jakovic, Roko"]
[Black "Juric, Ester"]
[Result "1/2-1/2"]
[ECO "E20"]
[WhiteElo "1846"]
[BlackElo "1587"]
[Annotator "NA RC"]
[PlyCount "150"]
[EventDate "2021.04.06"]
[EventType "swiss"]
[EventCountry "CRO"]
[SourceTitle "playchess.com"]
[Source "ChessBase"]
[SourceQuality "1"]
[TimeControl "5400+30"]

1. d4 Nf6 2. c4 e6 3. Nc3 Bb4 4. g3 O-O 5. Bg2 Bxc3+ 6. bxc3 d6 7. Rb1 Nc6 8. Bg5 h6 9. Bxf6 Qxf6 10. Nf3 Rb8 11. O-O b6 12. Nd2 Bb7 13. f4 Qe7 14. e4 Rfd8 15. Qg4 Qe8 16. f5 exf5 17. Qxf5 Ne7 18. Qf2 Ng6 19. Rbe1 Qd7 20. h4 Rf8 21. Kh2 Bc8 22. e5 dxe5 23. dxe5 (23. h5 $11 Ne7 24. Rxe5) 23... Qe6 24. Bd5 Qe7 25. Qe3 Be6 26. h5 Nh8 27. Qf4 Rbd8 28. Ne4 Kh7 {[%emt 0:05:31] [#]} 29. Rd1 $2 (29. Nf6+ $1 $18 gxf6 30. exf6) 29... Bxd5 30. cxd5 Rfe8 31. Qf5+ Kg8 32. d6 cxd6 33. Rxd6 Rxd6 34. Nxd6 Rd8 35. Nc4 b5 36. Nd6 a6 37. Qf4 Qe6 38. Rf2 Rd7 39. Qf5 $11 ({Better is} 39. Nf5 $14 Rc7 40. Qd4) 39... Qxf5 40. Nxf5 Rc7 41. Rf3 Rc5 42. Ne7+ Kf8 43. Ng6+ Nxg6 44. hxg6 Rc7 45. Kh3 Ke8 46. gxf7+ Rxf7 47. Rd3 Rd7 48. Re3 Ke7 49. Kg4 g6 50. Rf3 Ke6 51. Rf6+ Kxe5 52. Rxg6 Rd3 53. Rxh6 Rxc3 54. Rxa6 b4 55. Rb6 Ra3 56. Rxb4 Rxa2 57. Rf4 Ra8 58. Kh4 Rh8+ 59. Kg4 Rg8+ 60. Kf3 Ra8 61. Rb4 Rf8+ 62. Ke3 Rg8 63. Rb5+ Kf6 64. Kf4 Ra8 65. Rb6+ Kg7 66. g4 Ra4+ 67. Kg5 Ra5+ 68. Kh4 Ra4 69. Kh5 Ra5+ 70. g5 Ra1 71. Rb7+ Kg8 72. Kh6 Ra6+ 73. g6 Ra8 74. Rg7+ Kh8 75. Rb7 Kg8 1/2-1/2

[Event "Croatian junior league 2021"]
[Site "Rabac"]
[Date "2021.04.09"]
[Round "7.20"]
[White "Hergotic, Mihael"]
[Black "Martic, Filip"]
[Result "0-1"]
[ECO "B23"]
[WhiteElo "1476"]
[BlackElo "1756"]
[Annotator "NA RC"]
[PlyCount "134"]
[EventDate "2021.04.06"]
[EventType "swiss"]
[EventCountry "CRO"]
[SourceTitle "playchess.com"]
[Source "ChessBase"]
[SourceQuality "1"]
[TimeControl "5400+30"]

1. e4 c5 2. Nc3 g6 3. f4 Bg7 4. Nf3 Nc6 5. Bc4 e6 6. O-O Nge7 7. d3 O-O 8. Qe1 d5 9. Bb3 Nd4 10. Nxd4 cxd4 11. Ne2 dxe4 12. dxe4 b6 13. Bd2 Ba6 14. Bb4 Qc7 15. e5 Rfd8 16. Bd6 Qb7 17. g4 Nc8 18. Bb4 Bxe2 19. Qxe2 a5 20. Be1 Ne7 21. Bh4 Rd7 22. Qf3 Nd5 23. Rfd1 Bf8 24. Bf2 Ne3 25. Qxb7 Rxb7 26. Bxe3 dxe3 27. Kf1 a4 28. Bc4 b5 29. Be2 Rc8 30. c3 a3 31. bxa3 Rxc3 32. Rd3 Rxd3 33. Bxd3 Bxa3 34. Rb1 Rd7 35. Ke2 Rd4 36. Kxe3 Bc5 37. Rxb5 Ba7 38. Rb8+ Kg7 39. Ra8 Ra4+ 40. Kf3 Rxa2 41. h3 Rf2+ 42. Kg3 Be3 43. Ra4 Rd2 44. Be4 Bf2+ 45. Kf3 Bh4 46. g5 h6 47. gxh6+ Kxh6 48. Kg4 Bf2 49. Rc4 Be1 50. Ra4 Rb2 51. Ra3 Rb4 52. Kf3 Bh4 53. Rd3 g5 54. fxg5+ Bxg5 55. Ra3 Kg7 56. Bc2 Rb5 57. Ke4 Bc1 58. Rd3 Bb2 59. Rg3+ Kh6 60. Rb3 Rxe5+ 61. Kf4 Bd4 62. Rd3 Rf5+ 63. Kg4 Be5 64. Re3 Rg5+ 65. Kh4 Bf6 66. Rf3 Rg6+ 67. Rxf6 Rxf6 0-1

[Event "Croatian junior league 2021"]
[Site "Rabac"]
[Date "2021.04.09"]
[Round "7.23"]
[White "Vukojevic, Toni"]
[Black "Mijic, Karlo"]
[Result "1-0"]
[ECO "C78"]
[WhiteElo "1538"]
[BlackElo "1599"]
[Annotator "NA RC"]
[PlyCount "101"]
[EventDate "2021.04.06"]
[EventType "swiss"]
[EventCountry "CRO"]
[SourceTitle "playchess.com"]
[Source "ChessBase"]
[SourceQuality "1"]
[TimeControl "5400+30"]

1. e4 e5 2. Nf3 Nc6 3. Bb5 a6 4. Ba4 Nf6 5. d3 b5 6. Bb3 Bc5 7. O-O O-O 8. Be3 Ba7 9. c3 h6 10. Nbd2 Re8 11. Re1 Bb7 12. h3 Bxe3 13. fxe3 d6 14. Nf1 Qd7 15. Ng3 Rad8 16. Nh4 Ne7 17. Nhf5 Nxf5 18. Nxf5 d5 19. Rf1 dxe4 20. Nxh6+ gxh6 21. Rxf6 Bd5 22. Bxd5 Qxd5 23. Qg4+ Kf8 24. dxe4 Qc5 25. Qf3 Rd6 26. Rxf7+ Kg8 27. Rf1 Rg6 28. Kh1 Qd6 29. Rf6 Rxf6 30. Qxf6 Re6 31. Qf7+ Kh8 32. Qf8+ Qxf8 33. Rxf8+ Kg7 34. Rd8 c5 35. Rd5 c4 36. Kg1 Kf6 37. Kf2 h5 38. Kg3 Kg5 39. h4+ Kf6 40. Rd8 Rb6 41. Rh8 Rd6 42. Rh6+ Ke7 43. Rxd6 Kxd6 44. Kf3 a5 45. g4 b4 46. gxh5 Ke6 47. Kg4 Kf6 48. h6 Kg6 49. h7 Kxh7 50. Kf5 b3 51. a3 1-0

[Event "Croatian junior league 2021"]
[Site "Rabac"]
[Date "2021.04.09"]
[Round "8.1"]
[White "Karlusic, Luka"]
[Black "Levacic, Matej"]
[Result "0-1"]
[ECO "E52"]
[WhiteElo "2047"]
[BlackElo "2144"]
[Annotator "NA"]
[PlyCount "120"]
[EventDate "2021.04.06"]
[EventType "swiss"]
[EventCountry "CRO"]
[SourceTitle "playchess.com"]
[Source "ChessBase"]
[SourceQuality "1"]
[TimeControl "5400+30"]

1. d4 Nf6 2. c4 e6 3. Nc3 Bb4 4. e3 O-O 5. Bd3 d5 6. Nf3 b6 7. cxd5 exd5 8. O-O Ba6 9. Bxa6 Nxa6 10. Qa4 Qc8 11. Ne5 Bd6 12. f4 c5 13. Nb5 Be7 14. Bd2 Ne4 15. Be1 f6 16. Nd3 Nc7 17. Nxc7 Qxc7 18. Rc1 Qb7 19. dxc5 bxc5 20. b4 c4 21. Nf2 Nd6 22. Nd1 Rfd8 23. a3 Qb6 24. Bc3 Nb5 25. Bb2 a5 26. Qc2 axb4 27. axb4 Bxb4 28. Rf3 Qe6 29. Rh3 Qe4 30. Qxe4 dxe4 31. Rh5 Rab8 32. Nc3 Bxc3 33. Bxc3 Rd3 34. Bd4 Nxd4 35. exd4 Rxd4 36. Rc5 e3 37. Kf1 Rxf4+ 38. Ke2 Re8 39. Rf1 Rxf1 40. Kxf1 e2+ 41. Ke1 Re4 42. Rc7 h6 43. h4 h5 44. Rc5 Kf7 45. Rxh5 Ke6 46. Rh7 g6 47. Rc7 Kd5 48. g4 Rxg4 49. h5 gxh5 50. Kxe2 h4 51. Ke3 h3 52. Rh7 Rg3+ 53. Kd2 f5 54. Rh4 c3+ 55. Kc2 Ke5 56. Kd1 f4 57. Rh8 Ke4 58. Ke2 Rg2+ 59. Kf1 c2 60. Rc8 Rd2 0-1

[Event "Croatian junior league 2021"]
[Site "Rabac"]
[Date "2021.04.09"]
[Round "8.2"]
[White "Ljubicic, Mario"]
[Black "Novosel, Lovro"]
[Result "0-1"]
[ECO "B90"]
[WhiteElo "2036"]
[BlackElo "1997"]
[Annotator "NA"]
[PlyCount "162"]
[EventDate "2021.04.06"]
[EventType "swiss"]
[EventCountry "CRO"]
[SourceTitle "playchess.com"]
[Source "ChessBase"]
[SourceQuality "1"]
[TimeControl "5400+30"]

1. e4 c5 2. Nf3 d6 3. d4 cxd4 4. Nxd4 Nf6 5. Nc3 a6 6. Be3 e5 7. Nb3 Be6 8. f3 Be7 9. Qd2 O-O 10. O-O-O Nbd7 11. g4 b5 12. Kb1 b4 13. Nd5 Bxd5 14. exd5 Qc7 15. h4 a5 16. h5 Nb6 17. Bxb6 Qxb6 18. g5 Nd7 19. g6 a4 20. Nc1 Nc5 21. Bc4 Bf6 22. Rdg1 Ra7 23. h6 fxg6 24. hxg7 Rxg7 25. Rg2 e4 26. f4 a3 27. b3 Re8 28. Qe3 Qa7 29. Ne2 Qe7 30. Rhg1 Qd7 31. Qd2 Qb7 32. Qe3 Qc7 33. Rg3 Na4 34. Bb5 Rc8 35. Bc6 Nc5 36. Qd2 Rb8 37. Qe3 Qf7 38. Nd4 Bxd4 39. Qxd4 Qxf4 40. Rg4 Qf3 41. R4g3 Qf7 42. R3g2 Qe7 43. Rf2 Rf7 44. Re2 Qf6 45. Qxf6 Rxf6 46. Kc1 Rbf8 47. Kd2 Rf2 48. Rge1 Kg7 49. Bb5 g5 50. c3 Rxe2+ 51. Rxe2 bxc3+ 52. Kxc3 Rb8 53. Bc6 Nd3 54. Rxe4 Nc1 55. Re7+ Kf6 56. Ra7 Nxa2+ 57. Kc2 Nb4+ 58. Kc3 Nxc6 59. dxc6 Rb6 60. c7 Rc6+ 61. Kd4 a2 62. Kd5 Rxc7 63. Rxa2 Rb7 64. Rh2 Rxb3 65. Kc4 Re3 66. Kd4 Re7 67. Rh6+ Kf5 68. Rxd6 h5 69. Kd3 h4 70. Kd2 g4 71. Rd5+ Kf4 72. Rd4+ Kf3 73. Rd3+ Kf2 74. Rd4 g3 75. Rf4+ Kg1 76. Rxh4 g2 77. Rh5 Kf2 78. Rf5+ Kg3 79. Rg5+ Kf3 80. Rg6 Re4 81. Kd3 Rg4 0-1

[Event "Croatian junior league 2021"]
[Site "Rabac"]
[Date "2021.04.09"]
[Round "8.3"]
[White "Mrvac, Petar"]
[Black "Mijic, Karlo"]
[Result "1/2-1/2"]
[ECO "C45"]
[WhiteElo "1908"]
[BlackElo "1599"]
[Annotator "NA"]
[PlyCount "93"]
[EventDate "2021.04.06"]
[EventType "swiss"]
[EventCountry "CRO"]
[SourceTitle "playchess.com"]
[Source "ChessBase"]
[SourceQuality "1"]
[TimeControl "5400+30"]

1. e4 e5 2. Nf3 Nc6 3. d4 exd4 4. Nxd4 Nf6 5. Nxc6 bxc6 6. Bd3 d5 7. exd5 cxd5 8. O-O Be7 9. Bg5 O-O 10. Nc3 h6 11. Bh4 c6 12. h3 Qb6 13. Rb1 Be6 14. Ne2 Qb4 15. Bg3 Ne4 16. a3 Qa4 17. Bxe4 Qxe4 18. Re1 Bc5 19. Nf4 Qf5 20. Nd3 Bb6 21. b4 Qg5 22. Bf4 Qg6 23. Qf3 Bf5 24. Ne5 Qf6 25. Rbc1 Be4 26. Qg3 Rad8 27. Ng4 Qg6 28. c3 Kh7 29. Kh2 f5 30. Ne5 Qxg3+ 31. fxg3 Rf6 32. Rcd1 Re6 33. Nf3 c5 34. h4 Rc8 35. Be3 cxb4 36. Bxb6 Rxb6 37. cxb4 Rc3 38. Nd2 Rxa3 39. Nxe4 fxe4 40. Rxd5 Rxb4 41. Rd7 a5 42. Re7 e3 43. R1xe3 Rxe3 44. Rxe3 a4 45. Re8 a3 46. Ra8 Rb3 47. h5 1/2-1/2

[Event "Croatian junior league 2021"]
[Site "Rabac"]
[Date "2021.04.09"]
[Round "8.4"]
[White "Bedic, Noemi"]
[Black "Moric, Ivan"]
[Result "1/2-1/2"]
[ECO "B23"]
[WhiteElo "1587"]
[BlackElo "1907"]
[Annotator "NA"]
[PlyCount "97"]
[EventDate "2021.04.06"]
[EventType "swiss"]
[EventCountry "CRO"]
[SourceTitle "playchess.com"]
[Source "ChessBase"]
[SourceQuality "1"]
[TimeControl "5400+30"]

1. e4 c5 2. Nc3 d6 3. f4 Nf6 4. Nf3 a6 5. a4 e6 6. d3 Be7 7. g3 b6 8. Bg2 Bb7 9. O-O O-O 10. h3 Nc6 11. g4 Na5 12. b3 d5 13. e5 Nd7 14. d4 cxd4 15. Nxd4 Rc8 16. Nce2 Qc7 17. c3 Nc6 18. Ra2 Nc5 19. Rc2 Ne4 20. Nxc6 Qxc6 21. Nd4 Bc5 22. Be3 Qc7 23. Qe1 Bxd4 24. Bxd4 a5 25. Bxe4 dxe4 26. Qe3 Rfd8 27. Bxb6 Rd3 28. Bxc7 Rxe3 29. Bxa5 Rxh3 30. Kg2 Rd3 31. Kf2 Bd5 32. Rb2 Rb8 33. Rfb1 e3+ 34. Ke2 Rd2+ 35. Rxd2 exd2 36. Kxd2 Rxb3 37. Rxb3 Bxb3 38. Kd3 Bxa4 39. Kc4 Kf8 40. Kc5 Ke7 41. c4 Kd7 42. Kb6 f6 43. Bc3 f5 44. gxf5 exf5 45. e6+ Kxe6 46. Bxg7 h5 47. Bd4 h4 48. Bg1 h3 49. Kc5 1/2-1/2

[Event "Croatian junior league 2021"]
[Site "Rabac"]
[Date "2021.04.09"]
[Round "8.5"]
[White "Damjanovic, Stjepan"]
[Black "Vucenovic, Damian"]
[Result "0-1"]
[ECO "C54"]
[WhiteElo "1890"]
[BlackElo "2008"]
[Annotator "NA"]
[PlyCount "78"]
[EventDate "2021.04.06"]
[EventType "swiss"]
[EventCountry "CRO"]
[SourceTitle "playchess.com"]
[Source "ChessBase"]
[SourceQuality "1"]
[TimeControl "5400+30"]

1. e4 e5 2. Nf3 Nc6 3. Bc4 Bc5 4. c3 Nf6 5. d3 d6 6. O-O Bb6 7. Nbd2 O-O 8. h3 Ne7 9. Re1 Ng6 10. Nf1 c6 11. Bb3 Nh5 12. d4 Qc7 13. Be3 Nhf4 14. Ng3 Kh8 15. Qc2 Be6 16. Nf5 Rae8 17. Rad1 Ne7 18. Bxf4 exf4 19. Ng5 Nxf5 20. Bxe6 Nxd4 21. Rxd4 Bxd4 22. Nxf7+ Rxf7 23. Bxf7 Bxf2+ 24. Qxf2 Qxf7 25. Qxa7 h6 26. b3 Qg6 27. Qd4 f3 28. Qf2 fxg2 29. Qxg2 Qf6 30. Re3 Re5 31. Qf3 Rg5+ 32. Kf2 Qe5 33. Ke2 Qh2+ 34. Kd3 Qxa2 35. h4 Rg6 36. Qf8+ Kh7 37. Qf5 Qxb3 38. h5 Qd1+ 39. Kc4 b5+ 0-1

[Event "Croatian junior league 2021"]
[Site "Rabac"]
[Date "2021.04.09"]
[Round "8.6"]
[White "Sagovac, Kristijan"]
[Black "Mandaric, Fran"]
[Result "1/2-1/2"]
[ECO "B76"]
[WhiteElo "1920"]
[BlackElo "1684"]
[Annotator "NA"]
[PlyCount "91"]
[EventDate "2021.04.06"]
[EventType "swiss"]
[EventCountry "CRO"]
[SourceTitle "playchess.com"]
[Source "ChessBase"]
[SourceQuality "1"]
[TimeControl "5400+30"]

1. e4 c5 2. Nf3 Nc6 3. d4 cxd4 4. Nxd4 g6 5. Be3 Bg7 6. Nc3 d6 7. Qd2 Nf6 8. f3 O-O 9. O-O-O a6 10. g4 Nxd4 11. Bxd4 b5 12. h4 Qa5 13. Kb1 Be6 14. Nd5 Qxd2 15. Nxe7+ Kh8 16. Rxd2 Rfe8 17. Nc6 d5 18. h5 Nd7 19. hxg6 fxg6 20. Rdh2 Bg8 21. Bd3 Bxd4 22. Nxd4 Nc5 23. exd5 Nxd3 24. cxd3 Rad8 25. Ne6 Rd7 26. f4 Bxe6 27. dxe6 Rxe6 28. Kc2 Re3 29. Rh6 Kg8 30. f5 gxf5 31. gxf5 Rexd3 32. Rxh7 Rd2+ 33. Kc1 Rxh7 34. Rxh7 Rxb2 35. Kxb2 Kxh7 36. Kc3 Kg7 37. Kb4 Kf6 38. Ka5 Kxf5 39. a3 Ke6 40. Kxa6 Kd7 41. Kb7 Kd8 42. Kb8 Kd7 43. Kb7 Kd8 44. Kb6 Kc8 45. Kxb5 Kb7 46. a4 1/2-1/2

[Event "Croatian junior league 2021"]
[Site "Rabac"]
[Date "2021.04.09"]
[Round "8.7"]
[White "Juric, Ester"]
[Black "Dumancic, Simun"]
[Result "0-1"]
[ECO "D80"]
[WhiteElo "1587"]
[BlackElo "1883"]
[Annotator "NA"]
[PlyCount "66"]
[EventDate "2021.04.06"]
[EventType "swiss"]
[EventCountry "CRO"]
[SourceTitle "playchess.com"]
[Source "ChessBase"]
[SourceQuality "1"]
[TimeControl "5400+30"]

1. d4 Nf6 2. c4 g6 3. Nc3 d5 4. e3 Bg7 5. cxd5 Nxd5 6. Nxd5 Qxd5 7. Ne2 O-O 8. Nc3 Qd8 9. Be2 c5 10. d5 e6 11. dxe6 Qxd1+ 12. Bxd1 Bxe6 13. O-O Nc6 14. Ne4 b6 15. Ba4 Nb4 16. a3 Nd3 17. Nc3 Rfd8 18. Bc2 c4 19. Bxd3 Rxd3 20. Ne4 Rad8 21. h3 Bc8 22. Rb1 Bb7 23. Ng3 Rb3 24. Ne2 Be4 25. Ra1 Bxb2 26. Bxb2 Rxb2 27. Nc3 Bc6 28. Rfc1 Rdd2 29. Nd1 Rbc2 30. Rab1 Ba4 31. Nc3 Bb3 32. Ne4 Rxc1+ 33. Rxc1 Ra2 0-1

[Event "Croatian junior league 2021"]
[Site "Rabac"]
[Date "2021.04.09"]
[Round "8.8"]
[White "Martic, Filip"]
[Black "Markovic, Marko"]
[Result "1-0"]
[ECO "D37"]
[WhiteElo "1756"]
[BlackElo "2232"]
[Annotator "NA"]
[PlyCount "97"]
[EventDate "2021.04.06"]
[EventType "swiss"]
[EventCountry "CRO"]
[SourceTitle "playchess.com"]
[Source "ChessBase"]
[SourceQuality "1"]
[TimeControl "5400+30"]

1. d4 d5 2. Nf3 e6 3. c4 Nf6 4. Nc3 Be7 5. Bf4 O-O 6. e3 a6 7. cxd5 exd5 8. Bd3 Bg4 9. O-O Bd6 10. Bg5 c6 11. h3 Bh5 12. Rb1 Nbd7 13. b4 h6 14. Bxf6 Qxf6 15. Be2 Bc7 16. a4 Qd6 17. g3 Rfe8 18. Qd2 b5 19. Rfc1 Qg6 20. Nh4 Qg5 21. Bxh5 Qxh5 22. Qe2 Qg5 23. Nf3 Qg6 24. Kg2 Bb6 25. a5 Ba7 26. Qc2 Qd6 27. Ne2 Rac8 28. Nf4 Bb8 29. Qd2 g5 30. Nd3 Nf6 31. Nc5 Ne4 32. Nxe4 dxe4 33. Nh2 f5 34. Rg1 Qd5 35. Qe2 Kg7 36. Qh5 Bd6 37. Kh1 Re7 38. h4 Qe6 39. hxg5 Rh8 40. Rg2 hxg5 41. Qxg5+ Kf8 42. Kg1 Reh7 43. Qd8+ Kf7 44. Qb6 Qa2 45. Rc1 Qd2 46. Qxc6 Rxh2 47. Qd7+ Kg8 48. Rc8+ Bf8 49. Qe6+ 1-0

[Event "Croatian junior league 2021"]
[Site "Rabac"]
[Date "2021.04.09"]
[Round "8.9"]
[White "Cotic, Borna"]
[Black "Novosel, Marko"]
[Result "1-0"]
[ECO "B16"]
[WhiteElo "2120"]
[BlackElo "2130"]
[Annotator "NA"]
[PlyCount "87"]
[EventDate "2021.04.06"]
[EventType "swiss"]
[EventCountry "CRO"]
[SourceTitle "playchess.com"]
[Source "ChessBase"]
[SourceQuality "1"]
[TimeControl "5400+30"]

1. e4 c6 2. Nc3 d5 3. d4 dxe4 4. Nxe4 Nf6 5. Nxf6+ gxf6 6. Nf3 Bg4 7. Be2 e6 8. O-O Bd6 9. h3 Bxf3 10. Bxf3 Nd7 11. c4 Qc7 12. d5 Ne5 13. dxe6 O-O-O 14. exf7 Qxf7 15. Qb3 Rhg8 16. Bf4 Qg7 17. Bxe5 Bxe5 18. Rad1 Qh6 19. c5 Bc7 20. Rxd8+ Rxd8 21. Rd1 Rxd1+ 22. Qxd1 Qf4 23. g3 Qe5 24. Qd3 a5 25. Qxh7 Qxc5 26. Qg8+ Bd8 27. Kg2 Qd4 28. h4 Kb8 29. h5 Ka7 30. Qe6 Bb6 31. Qe2 f5 32. b3 Qf6 33. Qd2 Qf8 34. h6 Qf6 35. a3 Qe5 36. b4 axb4 37. axb4 Bd4 38. h7 Kb6 39. Qa2 Qb5 40. Qb3 Qe5 41. Qa2 Qb5 42. Qg8 Qe5 43. Qa8 Bc3 44. h8=Q 1-0

[Event "Croatian junior league 2021"]
[Site "Rabac"]
[Date "2021.04.09"]
[Round "8.10"]
[White "Klapac, Patrik"]
[Black "Simunic, Krunoslav"]
[Result "1-0"]
[ECO "C02"]
[WhiteElo "1780"]
[BlackElo "1999"]
[Annotator "NA"]
[PlyCount "63"]
[EventDate "2021.04.06"]
[EventType "swiss"]
[EventCountry "CRO"]
[SourceTitle "playchess.com"]
[Source "ChessBase"]
[SourceQuality "1"]
[TimeControl "5400+30"]

1. e4 e6 2. d4 d5 3. e5 c5 4. c3 Nc6 5. Be3 Qb6 6. Qd2 cxd4 7. cxd4 Nge7 8. Nf3 Nf5 9. Be2 Bb4 10. Nc3 O-O 11. O-O Na5 12. Rac1 Bd7 13. Bd3 Rac8 14. g4 Nxe3 15. fxe3 Nc4 16. Qe2 Nxb2 17. Bxh7+ Kxh7 18. Ng5+ Kg8 19. Qc2 g6 20. Rf6 Kg7 21. Qg2 Be8 22. Qh3 Rh8 23. Qf3 Rc7 24. Rf1 Bxc3 25. Rxf7+ Rxf7 26. Nxf7 Bxf7 27. Qxf7+ Kh6 28. g5+ Kh5 29. Rf3 Be1 30. Rh3+ Bh4 31. Qf3+ Kxg5 32. Qf4+ 1-0

[Event "Croatian junior league 2021"]
[Site "Rabac"]
[Date "2021.04.09"]
[Round "8.11"]
[White "Baric, Marko"]
[Black "Jakovic, Roko"]
[Result "1-0"]
[ECO "B51"]
[WhiteElo "1936"]
[BlackElo "1846"]
[Annotator "NA"]
[PlyCount "141"]
[EventDate "2021.04.06"]
[EventType "swiss"]
[EventCountry "CRO"]
[SourceTitle "playchess.com"]
[Source "ChessBase"]
[SourceQuality "1"]
[TimeControl "5400+30"]

1. e4 c5 2. Nf3 d6 3. Bb5+ Nd7 4. O-O a6 5. Bd3 Ngf6 6. Qe2 b5 7. c3 Bb7 8. Bc2 e6 9. d4 Be7 10. Rd1 Qc7 11. Bd3 c4 12. Bc2 O-O 13. Nbd2 e5 14. d5 Rfe8 15. Nf1 Nf8 16. Ne3 Ng6 17. g3 Bc8 18. Kg2 h6 19. h3 Bd7 20. Nf5 Bxf5 21. exf5 Nf8 22. a4 N8h7 23. Be3 Bf8 24. Qd2 e4 25. Nh4 Qb7 26. Qd4 Re5 27. axb5 Qxb5 28. Ba4 Qxb2 29. Bc6 Rb8 30. Qxc4 Ng5 31. Ra2 Qb3 32. Qxb3 Rxb3 33. Rxa6 Nf3 34. Nxf3 exf3+ 35. Kxf3 Rxf5+ 36. Kg2 Rxc3 37. g4 Rxe3 38. fxe3 Re5 39. Kf3 Ne4 40. h4 Nf6 41. Ra8 g5 42. hxg5 Rxg5 43. Rd4 Kg7 44. Ra7 Re5 45. Rf4 Kg6 46. e4 h5 47. gxh5+ Rxh5 48. Ke2 Bh6 49. Rf2 Re5 50. Kd3 Nxe4 51. Rfxf7 Nf6 52. Rfe7 Rh5 53. Re6 Bf4 54. Be8+ Kf5 55. Rxf6+ Kxf6 56. Bxh5 Be5 57. Kc4 Kg5 58. Bf7 Kf4 59. Kb5 Bd4 60. Rd7 Bc5 61. Kc6 Ke5 62. Be6 Bb4 63. Bg8 Bc5 64. Re7+ Kf6 65. Rd7 Ke5 66. Bh7 Ba3 67. Bb1 Bb4 68. Re7+ Kf6 69. Re6+ Kf7 70. Rxd6 Bxd6 71. Kxd6 1-0